 Dungeon Crawl Stone Soup version 0.17-a0-1701-gf693a3f (webtiles) character file.

1472 esc the Chopper (level 8, 0/63 HPs)
             Began as a Demonspawn Gladiator on Aug 21, 2015.
             Was an Initiate of Okawaru.
             Succumbed to a killer bee's poison
             ... on level 6 of the Dungeon.
             The game lasted 00:16:33 (6550 turns).

esc the Chopper (Demonspawn Gladiator)              Turns: 6550, Time: 00:16:34

Health: 0/63       AC:  8    Str: 16    XL:     8   Next: 49%
Magic:  18/18      EV: 15    Int: 11    God:    Okawaru [......]
Gold:   320        SH:  0    Dex: 18    Spells: 0 memorised, 7 levels left

rFire  + . .     SeeInvis .     x - +0 battleaxe
rCold  + . .     Clarity  .     b - +0 leather armour
rNeg   . . .     SustAt   .     (no shield)
rPois  +         Gourm    .     c - +0 helmet
rElec  +         Spirit   .     q - +0 cloak
rCorr  +         Warding  .     (no gloves)
rMut   .         Stasis   .     (no boots)
MR     .....                    (no amulet)
Stlth  ++........               u - ring of magical power {MP+9}
                                r - +3 ring of protection

@: lethally poisoned (0 -> -8), resistant, not resistant to hostile
enchantments, unstealthy
A: thin skeletal structure 2, powered by death 1, powered by pain 1
a: Renounce Religion


You were on level 6 of the Dungeon.
You worshipped Okawaru.
Okawaru was noncommittal.
You were hungry.

You visited 2 branches of the dungeon, and saw 8 of its levels.
You also visited: Sewer.

You collected 320 gold pieces.

Inventory:

Hand weapons
 x - a +0 battleaxe (weapon)
   (You found it on level 5 of the Dungeon)
Missiles
 d - 3 throwing nets (quivered) {=f, !d}
 k - 49 poisoned needles
 l - 133 stones
Armour
 b - a +0 leather armour (worn)
 c - a +0 helmet (worn)
 o - a fire dragon hide {rF++, rC-}
   (You found it on level 3 of the Dungeon)
 q - a +0 cloak (worn)
   (You found it on level 3 of the Dungeon)
Jewellery
 r - a +3 ring of protection (left hand)
   (You found it on level 3 of the Dungeon)
 u - a ring of magical power (right hand) {MP+9}
   (You found it on level 4 of the Dungeon)
Magical devices
 m - a wand of lightning (0)
   (You found it on level 5 of the Dungeon)
Scrolls
 a - a scroll of amnesia
 f - 4 scrolls of remove curse
 t - a scroll of fog
 y - a scroll of recharging
 B - a scroll of teleportation
Potions
 j - a potion of degeneration {!q}
 n - a potion of haste
 p - 2 potions of flight
 s - a potion of resistance
 v - 2 potions of curing {unknown}
 z - a potion of cure mutation {!q}
 C - a potion of agility {unknown}
Comestibles
 e - 4 bread rations {@e1}
 g - 2 fruits
 h - a beef jerky
 i - 2 meat rations {@e2}
 A - 4 chunks of flesh {@w0}


   Skills:
 + Level 5.6 Fighting
 + Level 5.8 Axes
 - Level 1.7 Throwing
 + Level 3.8 Armour
 + Level 5.5 Dodging
 + Level 2.2 Invocations


You had 7 spell levels left.
You didn't know any spells.

Dungeon Overview and Level Annotations

Branches:
Dungeon (7/15)             Temple (1/1) D:6

Altars:
Cheibriados
Dithmenos
Elyvilon
Gozag
Kikubaaqudgha
Makhleb
Okawaru
Qazlal
Sif Muna
Trog
Vehumet
Xom
Yredelemnul
Zin
The Shining One

Annotations:
D:5 exclusion: Edmund, Edmund
D:6 exclusions: hydra and 2 slaves, Pikel


Innate Abilities, Weirdness & Mutations

You have a moderately thin skeletal structure (Dex +4, Stealth+).
You regenerate a little health from kills.
You sometimes gain a little power by taking damage.


Message History

The killer bee stings you but does no damage.
You take 7 damage, and have 40/63 hp.
You miss the killer bee.
You feel sick. The killer bee stings you! The killer bee closely misses you.
The killer bee barely misses you.
You take 9 damage, and have 31/63 hp.
You barely miss the killer bee.
You feel sick. The killer bee misses you. The killer bee stings you.
The killer bee closely misses you.
You take 3 damage, and have 28/63 hp.
You barely miss the killer bee.
You feel sick. The killer bee stings you.
You are more poisoned.
The killer bee poisons you! The killer bee barely misses you.
You take 2 damage, and have 26/63 hp.
You miss the killer bee.
You feel sick. The killer bee misses you. The killer bee closely misses you.
The killer bee stings you but does no damage.
You take 1 damage, and have 25/63 hp.
You miss the killer bee.
You feel sick. The killer bee closely misses you.
The killer bee stings you but does no damage. x2
You take 1 damage, and have 24/63 hp.
You closely miss the killer bee.
You feel sick.
The killer bee stings you but does no damage.
The killer bee closely misses you. The killer bee stings you.
* * * LOW HITPOINT WARNING * * *
You take 7 damage, and have 17/63 hp.
You hit the killer bee.
You feel sick. The killer bee barely misses you. The killer bee misses you.
The killer bee stings you.
* * * LOW HITPOINT WARNING * * *
You are lethally poisoned!
The killer bee poisons you!
You take 7 damage, and have 10/63 hp.
Drink which item? (? for menu, Esc to quit)
You feel much better.
You feel sick. The killer bee misses you. The killer bee stings you.
You regained 16 hp, and now have 26/63 hp.
You miss the killer bee.
You feel sick. The killer bee stings you.
The killer bee stings you but does no damage.
The killer bee stings you!
* * * LOW HITPOINT WARNING * * *
You are more poisoned.
The killer bee poisons you!
You take 15 damage, and have 11/63 hp.
MASSIVE DAMAGE!!
Drink which item? (? for menu, Esc to quit)
You feel much better.
You feel sick. The killer bee barely misses you. The killer bee stings you.
You are more poisoned.
The killer bee poisons you!
You regained 26 hp, and now have 37/63 hp.
You hit the killer bee but do no damage.
You feel very sick. The killer bee completely misses you.
The killer bee barely misses you.
You take 3 damage, and have 34/63 hp.
You barely miss the killer bee.
You feel very sick. The killer bee completely misses you.
The killer bee stings you but does no damage. x2
You take 3 damage, and have 31/63 hp.
You hit the killer bee.
You feel sick. The killer bee misses you.
The killer bee stings you but does no damage.
The killer bee misses you.
You take 2 damage, and have 29/63 hp.
You miss the killer bee.
You feel very sick. The killer bee misses you. x2
The killer bee barely misses you.
You take 3 damage, and have 26/63 hp.
You miss the killer bee.
You feel sick. The killer bee stings you.
The killer bee stings you but does no damage.
The killer bee misses you.
You take 3 damage, and have 23/63 hp.
Drink which item? (? for menu, Esc to quit)
You feel protected.
You are feeling hungry.
You feel sick. The killer bee stings you.
* * * LOW HITPOINT WARNING * * *
The killer bee misses you.
You take 7 damage, and have 16/63 hp.
You hit the killer bee.
You feel sick. The killer bee closely misses you.
The killer bee closely misses you.
You take 1 damage, and have 15/63 hp.
You closely miss the killer bee.
You feel sick.
The killer bee stings you but does no damage.
The killer bee closely misses you. The killer bee completely misses you.
You take 2 damage, and have 13/63 hp.
You hit the killer bee.
You feel sick. The killer bee stings you.
* * * LOW HITPOINT WARNING * * *
The killer bee stings you but does no damage.
The killer bee completely misses you.
You take 7 damage, and have 6/63 hp.
You miss the killer bee.
* * * LOW HITPOINT WARNING * * *
You feel sick.
The killer bee stings you but does no damage.
The killer bee stings you.
* * * LOW HITPOINT WARNING * * *
The killer bee completely misses you.
You take 5 damage, and have 1/63 hp.
Drink which item? (? for menu, Esc to quit)
It was a potion of cure mutation.
It has a very clean taste.
You die...

.#.#.# #........# #.
.#.#.###########.######## #.
.#.#<............# ###########.
.#.#..........########........##.
.#...............................
.###..........##.#####...........
.# #.........<##.# #...........
.# #..........##.############....
.# #.###########@>...............
.# #............y................
.####################..#########.
.##.........# ##.## #.
.##.........##########..########.
..'..............................
###.........#######........#####.
#.........# #..≈≈≈....# #.
#.........# #.≈≈§§≈...#####.


You could see a killer bee.

Vanquished Creatures
  A steam dragon (D:5)
  A necrophage (D:5)
  2 centaurs
  A black bear (D:7)
  An ogre (D:5)
  A sky beast (D:5)
  A big kobold (Sewer)
  4 wights (D:6)
  2 crimson imps (D:5)
  2 hounds (D:5)
  An orc priest (D:4)
  A centaur skeleton (D:7)
  2 orc wizards
  3 worker ants
  A hound zombie (D:6)
  10 adders
  7 gnolls
  2 river rats
  An adder skeleton (D:4)
  3 worms
  10 orcs
  7 giant cockroaches
  4 goblins
  7 hobgoblins
  A ball python zombie (D:5)
  8 bats
  3 giant geckos
  6 giant newts
  5 jackals
  10 kobolds
  6 quokkas
  18 rats
132 creatures vanquished.

Notes
Turn   | Place    | Note
--------------------------------------------------------------
     0 | D:1      | esc the Demonspawn Gladiator began the quest for the Orb.
     0 | D:1      | Reached XP level 1. HP: 16/16 MP: 1/1
   209 | D:1      | Gained mutation: You sometimes gain a little power by taking damage. [demonic ancestry]
   209 | D:1      | Reached XP level 2. HP: 12/23 MP: 2/2
   560 | D:1      | Reached skill level 3 in Axes
   560 | D:1      | Reached skill level 3 in Dodging
   954 | D:1      | Reached XP level 3. HP: 28/28 MP: 3/3
  1273 | D:2      | HP: 7/28 [adder (3)]
  1278 | D:2      | HP: 4/28 [adder (2)]
  1283 | D:2      | Reached skill level 3 in Fighting
  1359 | D:2      | Gained mutation: You have a somewhat thin skeletal structure (Dex +2, Stealth). [demonic ancestry]
  1359 | D:2      | Reached XP level 4. HP: 35/35 MP: 4/4
  1642 | D:2      | HP: 8/35 [adder (2)]
  1643 | D:2      | HP: 3/35 [poisoned by an adder]
  2447 | D:3      | Found a white marble altar of Elyvilon.
  2493 | D:3      | HP: 8/35 [poisoned by an adder]
  2501 | D:3      | HP: 7/35 [poisoned by an adder]
  3299 | D:3      | Gained mutation: You regenerate a little health from kills. [demonic ancestry]
  3299 | D:3      | Reached XP level 5. HP: 38/41 MP: 5/5
  3559 | D:4      | Reached skill level 4 in Axes
  3670 | D:4      | Found a glowing drain.
  3676 | D:4      | Reached skill level 1 in Armour
  3684 | Sewer    | Entered a sewer
  3766 | Sewer    | Reached skill level 4 in Fighting
  3766 | Sewer    | Reached skill level 4 in Dodging
  3766 | Sewer    | Reached XP level 6. HP: 45/48 MP: 6/6
  3791 | Sewer    | Found a white marble altar of Elyvilon.
  3941 | D:4      | Got a slimy large shield
  4011 | D:4      | Identified the cursed +0 large shield "Vaexumy" {rF- Regen+ Int+2 Slay+2} (You found it on level 4 of the Dungeon)
  4186 | D:4      | Noticed a centaur
  4199 | D:4      | Killed a centaur
  4514 | D:5      | Entered Level 5 of the Dungeon
  4656 | D:5      | Gained mutation: You have a moderately thin skeletal structure (Dex +4, Stealth+). [demonic ancestry]
  4656 | D:5      | Reached XP level 7. HP: 34/55 MP: 7/7
  4771 | D:5      | Noticed a steam dragon
  4880 | D:5      | Reached skill level 2 in Armour
  4924 | D:5      | Reached skill level 5 in Axes
  5022 | D:5      | Reached skill level 5 in Fighting
  5080 | D:5      | Killed a steam dragon
  5080 | D:5      | Reached skill level 3 in Armour
  5080 | D:5      | Reached skill level 5 in Dodging
  5170 | D:5      | Found a deep blue altar of Sif Muna.
  5191 | D:5      | Reached XP level 8. HP: 44/62 MP: 8/8
  5294 | D:5      | Noticed Edmund
  5413 | D:6      | Noticed Pikel
  5654 | D:6      | Found a staircase to the Ecumenical Temple.
  5669 | Temple   | Entered the Ecumenical Temple
  5736 | Temple   | Became a worshipper of Warmaster Okawaru
  5908 | D:6      | Noticed a five-headed hydra
  6340 | D:6      | Reached skill level 1 in Invocations
  6483 | D:7      | Reached skill level 2 in Invocations
  6536 | D:6      | HP: 10/63 [killer bee (6)]
  6546 | D:6      | HP: 15/63 [poisoned by a killer bee]
  6548 | D:6      | HP: 6/63 [killer bee (6)]
  6549 | D:6      | HP: 1/63 [killer bee (4)]
  6550 | D:6      | Succumbed to a killer bee's poison

Vault maps used:
D:1:      erik_arrival_cave_to_civilisation
D:2:      serial_aquarium, aquarium_bridge_square, aquarium_window_1,
          aquarium_window_fake, aquarium_view_2e, aquarium_view_2c,
          aquarium_balcony_1b
D:3:      elyvilon_altar_4
D:4:      gup_sewer_entry_bubbles
D:5:      lemuel_coloured_pillars_altar, first_bread, uniq_edmund
D:6:      minmay_temple_entry_mist, uniq_grinder, uniq_pikel
D:7:      basic_altar
Temple:   water_room_temple_a_12
Sewer:    sewer_kobolds

Action                   |  1- 3 |  4- 6 |  7- 9 || total
-------------------------+-------+-------+-------++-------
Melee: War axe           |   103 |   273 |     3 ||   379
       Battleaxe         |       |       |   149 ||   149
Throw: Throwing net      |     1 |       |       ||     1
Evoke: Wand              |       |       |     2 ||     2
  Use: Scroll            |     2 |    10 |     2 ||    14
       Potion            |     1 |     2 |     4 ||     7
 Stab: Sleeping          |     1 |     8 |     2 ||    11
       Held in net/web   |     1 |       |       ||     1
       Distracted        |       |       |     2 ||     2
  Eat: Chunk             |     2 |    11 |     4 ||    17
       Beef jerky        |       |       |     1 ||     1

Vault maps used:
D:1:      erik_arrival_cave_to_civilisation
D:2:      serial_aquarium, aquarium_bridge_square, aquarium_window_1,
          aquarium_window_fake, aquarium_view_2e, aquarium_view_2c,
          aquarium_balcony_1b
D:3:      elyvilon_altar_4
D:4:      gup_sewer_entry_bubbles
D:5:      lemuel_coloured_pillars_altar, first_bread, uniq_edmund
D:6:      minmay_temple_entry_mist, uniq_grinder, uniq_pikel
D:7:      basic_altar
Temple:   water_room_temple_a_12
Sewer:    sewer_kobolds

Table legend:
 A = Turns spent in this place as a percentage of turns spent in the entire game.
 B = Non-inter-level travel turns spent in this place as a percentage of non-inter-level travel turns spent in the entire game.
 C = Inter-level travel turns spent in this place as a percentage of turns spent in this place.
 D = Turns resting spent in this place as a percentage of non-inter-level travel turns spent in this place.
 E = Turns spent auto-exploring this place as a percentage of non-inter-level travel turns spent in this place.
 F = Non-inter-level travel turns spent in this place divided by the number of levels of this place that you've seen.
                   A       B       C       D       E      F
               +-------+-------+-------+-------+-------+----------------------
         Total | 100.0 | 100.0 |   0.6 |   1.2 |   7.8 | 209.9
       Dungeon |  90.7 |  90.7 |   0.6 |   1.3 |   8.3 | 244.7
        Temple |   3.8 |   3.8 |   1.4 |   0.0 |   0.0 |  71.0
         Sewer |   5.5 |   5.6 |   0.0 |   0.0 |   5.7 | 105.0
               +-------+-------+-------+-------+-------+----------------------

Table legend:
 A = Kills in this place as a percentage of kills in entire the game.
 B = Kills by you in this place as a percentage of kills by you in the entire game.
 C = Kills by friends in this place as a percentage of kills by friends in the entire game.
 D = Other kills in this place as a percentage of other kills in the entire game.
 E = Experience gained in this place as a percentage of experience gained in the entire game.
 F = Experience gained in this place divided by the number of levels of this place that you have seen.
                   A       B       C       D       E      F
               +-------+-------+-------+-------+-------+----------------------
         Total | 100.0 | 100.0 |  -nan |  -nan | 100.0 | 233.8
       Dungeon |  93.2 |  93.2 |  -nan |  -nan |  94.4 | 283.9
         Sewer |   6.8 |   6.8 |  -nan |  -nan |   5.6 | 117.0
               +-------+-------+-------+-------+-------+----------------------
